 Dungeon Crawl Stone Soup version 0.25-a0-294-gea9b1ad378 (webtiles) character file.

Game seed: 9768177628906875470, levelgen mode: deterministic

9909 MordorOrchid the Thaumaturge (level 11, -6/81 HPs)
             Began as a Gnoll Venom Mage on Dec 19, 2019.
             Was a Believer of Uskayaw.
             Mangled by a seven-headed hydra (11 damage)
             ... on level 11 of the Dungeon.
             The game lasted 01:02:28 (6988 turns).

MordorOrchid the Thaumaturge (Gnoll Venom Mage)     Turns: 6988, Time: 01:02:29

Health: -6/81      AC:  7    Str: 10    XL:     11   Next: 53%
Magic:  22/23      EV: 17    Int: 21    God:    Uskayaw [**....]
Gold:   659        SH:  0    Dex: 16    Spells: 5/26 levels left

rFire    . . .     SeeInvis .   y - +4 short sword (flame)
rCold    . . .     Gourm    +   (no shield)
rNeg     + . .     Faith    .   w - +0 troll leather armour
rPois    .         Spirit   .   R - +0 hat {MR+}
rElec    .         Reflect  .   L - +0 cloak
rCorr    +         Harm     .   h - +0 pair of gloves
MR       +....                  (no boots)
Stlth    ++++......             u - amulet of the gourmand
HPRegen  0.63/turn              Q - ring of resist corrosion
MPRegen  0.18/turn              C - ring of positive energy

@: confusing touch
A: distributed training, fangs 1, strong nose
a: Stomp, Line Pass, Renounce Religion


You were on level 11 of the Dungeon.
You worshipped Uskayaw.
Uskayaw was noncommittal.
You were completely stuffed.

You visited 1 branch of the dungeon, and saw 11 of its levels.
You also visited: Ossuary.

You collected 779 gold pieces.
You spent 120 gold pieces at shops.

Inventory:

Hand Weapons
 a - a +2 flail of protection
 g - a +2 short sword of distortion
 j - a +0 shortbow
 p - a +2 trident of pain
 y - a +4 short sword of flaming (weapon)
 E - a +2 dagger of draining
 H - a +3 dagger of venom
Missiles
 e - 174 arrows
 v - 5 datura-tipped darts
 A - 13 sling bullets
 F - 72 bolts
 V - 6 javelins
 W - 6 boomerangs (quivered)
Armour
 h - a +0 pair of gloves (worn)
 w - a +0 troll leather armour (worn)
 L - a +0 cloak (worn)
 R - a +0 hat of magic resistance (worn)
Jewellery
 u - an amulet of the gourmand (around neck)
 C - a ring of positive energy (right hand)
 Q - a ring of resist corrosion (left hand)
Wands
 f - a wand of digging (11)
 k - a wand of paralysis (9)
 J - a wand of acid (14)
 U - a wand of iceblast (9)
Scrolls
 d - a scroll of fog {unknown}
 o - 2 scrolls of enchant weapon
 q - 6 scrolls of blinking
 r - 7 scrolls of teleportation
 s - 3 scrolls of remove curse
 B - a scroll of enchant armour {unknown}
 K - 2 scrolls of amnesia
 O - a scroll of random uselessness {unknown}
 P - 2 scrolls of magic mapping
Potions
 b - a potion of degeneration {unknown}
 i - a potion of berserk rage {unknown}
 m - 2 potions of heal wounds
 n - 5 potions of haste
 t - a potion of ambrosia {unknown}
 x - 2 potions of invisibility
 z - a potion of magic {unknown}
 D - a potion of brilliance {unknown}
 G - a potion of might {unknown}
 M - a potion of agility {unknown}
 S - 2 potions of resistance
 T - a potion of flight
 Z - 4 potions of curing
Comestibles
 c - 19 rations
 l - 3 chunks of flesh


   Skills:
 + Level 6.2 Fighting
 + Level 6.2 Short Blades
 + Level 6.2 Long Blades
 + Level 6.2 Axes
 + Level 6.2 Maces & Flails
 + Level 6.2 Polearms
 + Level 6.2 Staves
 + Level 6.2 Slings
 + Level 6.2 Bows
 + Level 6.2 Crossbows
 + Level 6.2 Throwing
 + Level 6.2 Armour
 + Level 7.8 Dodging
 + Level 7.6 Stealth
 + Level 6.2 Shields
 + Level 6.2 Unarmed Combat
 + Level 8.1 Spellcasting
 + Level 5.2 Conjurations
 + Level 5.2 Hexes
 + Level 5.2 Charms
 + Level 5.2 Summonings
 + Level 5.2 Necromancy
 + Level 5.2 Translocations
 + Level 5.6 Transmutations
 + Level 5.2 Fire Magic
 + Level 5.2 Ice Magic
 + Level 5.2 Air Magic
 + Level 5.2 Earth Magic
 + Level 7.6 Poison Magic
 + Level 6.9 Invocations
 + Level 6.2 Evocations


You had 5 spell levels left.
You knew the following spells:

 Your Spells              Type           Power        Failure   Level  Hunger
a - Sting                 Tmut/Pois      ####         1%          1    None
b - Olgreb's Toxic Radia  Pois           #####...     4%          4    ###....
d - Petrify               Tmut/Erth      ####....     11%         4    ###....
g - Mephitic Cloud        Conj/Pois/Air  ####....     2%          3    None
p - Poisonous Vapours     Pois/Air       #####.       1%          2    None
A - Confusing Touch       Hex            ####..       1%          1    None
D - Tukima's Dance        Hex            ####....     3%          3    None
F - Ignite Poison         Fire/Tmut/Pois ####....     2%          3    None

Your spell library contained the following spells:

 Spells                   Type           Power        Failure   Level  Hunger
 Corona                   Hex            ####...      1%          1    None
 Ensorcelled Hibernation  Hex/Ice        ####..       1%          2    None
 Confuse                  Hex            ####....     3%          3    None
 Dazzling Flash           Conj/Hex       ####..       3%          3    None
 Gell's Gravitas          Tloc           ####......   3%          3    None
 Yara's Violent Unravell  Hex/Tmut       ####......   30%         5    #####..
 Metabolic Englaciation   Hex/Ice        ####......   32%         5    #####..


Dungeon Overview and Level Annotations

Branches:
Dungeon (11/15)            Temple (0/1) D:6            Lair (0/6) D:9
    Orc (0/2) D:9         Ossuary (visited)

Altars:
Ashenzari
Fedhas
Nemelex Xobeh
Ru
Sif Muna
Uskayaw
Vehumet
Xom
Yredelemnul
Beogh

Shops:
D:8 (

Annotations:
D:6 exclusion: upstairs


Innate Abilities, Weirdness & Mutations

Your experience applies equally to all skills.
You have very sharp teeth.
Your uncanny sense of smell can sniff out nearby items.


Message History

You bite the seven-headed hydra.
The seven-headed hydra is heavily wounded.
The seven-headed hydra closely misses you.
The seven-headed hydra bites you! x2
The seven-headed hydra closely misses you.
The seven-headed hydra bites you!
The seven-headed hydra barely misses you.
The seven-headed hydra bites you.
Casting: Confusing Touch (safe; 1% risk of failure)
Confirm with . or Enter, or press ? or * to list all spells.
Your hands begin to glow red.
The seven-headed hydra bites you!
* * * LOW HITPOINT WARNING * * *
The seven-headed hydra bites you!
* * * LOW HITPOINT WARNING * * *
The seven-headed hydra barely misses you.
The seven-headed hydra bites you but does no damage.
The seven-headed hydra bites you.
* * * LOW HITPOINT WARNING * * *
The seven-headed hydra bites you!
You die...

..
#....#######
# ...
#..........#
# ..Z.
#..........#
....
#..........#
##.....<...#
#.........#
#.#########
#.# #@# #D#
#...#
......#
####...#
#...# #...#
#..># #.#.#


You could see a seven-headed hydra.

Vanquished Creatures
  Gastronok (D:8)
  Pikel (D:3)
  A deep elf mage (D:10)
  A gargoyle (D:11)
  A yaktaur (D:10)
  2 trolls
  2 hippogriffs (D:10)
  Sigmund (D:3)
  A spriggan (D:7)
  A vampire (D:10)
  Eustachio (D:4)
  A hungry ghost (D:9)
  Edmund (D:5)
  A warg (D:9)
  A swamp worm (D:7)
  2 water moccasins
  5 orc warriors
  5 ice beasts
  A black bear (D:10)
  4 ogres
  A sky beast (D:5)
  2 slaves (D:4)
  A phantom (D:8)
  A crocodile (D:8)
  4 centaurs
  Blork the orc (D:4)
  3 big kobolds
  5 elf zombies (Ossuary)
  7 bullfrogs
  2 wyvern zombies
  3 scorpions
  10 killer bees
  6 crimson imps
  A bullfrog zombie (D:8)
  A centaur zombie (D:5)
  2 jellies
  A bullfrog skeleton (D:11)
  4 orc priests
  5 hounds
  5 orc wizards
  3 iguanas
  8 worker ants
  3 big kobold zombies (Ossuary)
  A hound zombie (Ossuary)
  A hound skeleton (D:5)
  3 mummies (Ossuary)
  A howler monkey zombie (D:6)
  8 gnolls
  4 adders
  2 howler monkey skeletons
  4 shadow imps
  7 adder zombies
  2 adder skeletons
  2 worms
  8 leopard geckos
  46 orcs
  5 ball pythons
  5 giant cockroaches
  4 goblins
  A hobgoblin (D:1)
  8 jackals
  A quokka (D:9)
  5 bats
  4 frilled lizards (D:2)
  A gnoll zombie (Ossuary)
  A goblin zombie (Ossuary)
  5 hobgoblin zombies (Ossuary)
  4 jackal zombies
  19 kobolds
  A kobold zombie (Ossuary)
  3 orc zombies (Ossuary)
  A quokka skeleton (D:5)
  3 quokka zombies (Ossuary)
  7 rats
  3 rat zombies (Ossuary)
  A plant (D:7)
284 creatures vanquished.

Vanquished Creatures (others)
  A giant cockroach (D:4)
  A plant (D:7)
2 creatures vanquished.

Grand Total: 286 creatures vanquished

Notes
Turn   | Place    | Note
-------+----------+-------------------------------------------
     0 | D:1      | MordorOrchid the Gnoll Venom Mage began the quest for the
                  | Orb.
     0 | D:1      | Reached XP level 1. HP: 13/13 MP: 6/6
   124 | D:1      | Reached XP level 2. HP: 12/20 MP: 2/7
   359 | D:1      | Learned a level 2 spell: Poisonous Vapours
   633 | D:2      | Reached skill level 5 in Spellcasting
   633 | D:2      | Reached XP level 3. HP: 25/25 MP: 2/9
   638 | D:2      | Learned a level 3 spell: Mephitic Cloud
   642 | D:2      | Learned a level 3 spell: Ignite Poison
   975 | D:2      | Reached skill level 1 in Invocations
  1020 | D:2      | Found a hide-covered altar of Uskayaw.
  1059 | D:2      | Became a worshipper of Uskayaw the Reveler
  1181 | D:3      | Reached skill level 1 in Fighting
  1181 | D:3      | Reached skill level 1 in Short Blades
  1181 | D:3      | Reached skill level 1 in Long Blades
  1181 | D:3      | Reached skill level 1 in Axes
  1181 | D:3      | Reached skill level 1 in Maces & Flails
  1181 | D:3      | Reached skill level 1 in Polearms
  1181 | D:3      | Reached skill level 1 in Staves
  1181 | D:3      | Reached skill level 1 in Slings
  1181 | D:3      | Reached skill level 1 in Bows
  1181 | D:3      | Reached skill level 1 in Crossbows
  1181 | D:3      | Reached skill level 1 in Throwing
  1181 | D:3      | Reached skill level 1 in Armour
  1181 | D:3      | Reached skill level 1 in Shields
  1181 | D:3      | Reached skill level 1 in Unarmed Combat
  1181 | D:3      | Reached skill level 1 in Evocations
  1181 | D:3      | Reached XP level 4. HP: 32/32 MP: 0/11
  1188 | D:3      | Learned a level 4 spell: Olgreb's Toxic Radiance
  1195 | D:3      | Reached * piety under Uskayaw
  1321 | D:3      | Reached ** piety under Uskayaw
  1325 | D:3      | Noticed Sigmund
  1425 | D:3      | Killed Sigmund
  1425 | D:3      | Reached skill level 1 in Conjurations
  1425 | D:3      | Reached skill level 1 in Hexes
  1425 | D:3      | Reached skill level 1 in Charms
  1425 | D:3      | Reached skill level 1 in Summonings
  1425 | D:3      | Reached skill level 1 in Necromancy
  1425 | D:3      | Reached skill level 1 in Translocations
  1425 | D:3      | Reached skill level 1 in Fire Magic
  1425 | D:3      | Reached skill level 1 in Ice Magic
  1425 | D:3      | Reached skill level 1 in Air Magic
  1425 | D:3      | Reached skill level 1 in Earth Magic
  1425 | D:3      | Reached XP level 5. HP: 38/38 MP: 2/12
  1425 | D:3      | Reached XP level 6. HP: 44/44 MP: 2/13
  1526 | D:4      | Noticed Blork the orc
  1551 | D:4      | Noticed Eustachio
  1566 | D:4      | Noticed a slave
  1566 | D:4      | Noticed a slave
  1623 | D:4      | Noticed a slave
  1631 | D:4      | Killed a slave
  1640 | D:4      | Killed a slave
  1755 | D:4      | Killed Blork the orc
  1755 | D:4      | Reached skill level 5 in Dodging
  1769 | D:4      | Noticed Pikel
  1770 | D:4      | Noticed a slave
  1796 | D:3      | Killed Pikel
  1796 | D:3      | Reached skill level 5 in Stealth
  1796 | D:3      | Reached XP level 7. HP: 33/51 MP: 1/15
  1852 | D:4      | Killed Eustachio
  1852 | D:4      | Reached XP level 8. HP: 47/57 MP: 1/16
  2066 | D:5      | Entered Level 5 of the Dungeon
  2074 | D:5      | Noticed Edmund
  2236 | D:5      | Killed Edmund
  2236 | D:5      | Reached skill level 6 in Spellcasting
  2266 | D:5      | Found a sand-covered staircase.
  2297 | D:5      | Learned a level 1 spell: Confusing Touch
  2351 | Ossuary  | Entered an ossuary
  2781 | Ossuary  | Reached XP level 9. HP: 65/65 MP: 4/18
  2896 | D:5      | Found a blossoming altar of Fedhas.
  3142 | D:5      | Found a basalt altar of Yredelemnul.
  3163 | D:5      | Found a radiant altar of Vehumet.
  3719 | D:6      | Found a staircase to the Ecumenical Temple.
  3763 | D:5      | Found a sparkling altar of Nemelex Xobeh.
  3763 | D:5      | Found a shimmering blue altar of Sif Muna.
  4098 | D:7      | Reached *** piety under Uskayaw
  4221 | D:7      | Reached skill level 5 in Invocations
  4273 | D:7      | Found a sacrificial altar of Ru.
  4474 | D:7      | Reached XP level 10. HP: 73/73 MP: 7/20
  4548 | D:7      | Reached skill level 7 in Spellcasting
  5044 | D:8      | Reached skill level 5 in Fighting
  5044 | D:8      | Reached skill level 5 in Short Blades
  5044 | D:8      | Reached skill level 5 in Long Blades
  5044 | D:8      | Reached skill level 5 in Axes
  5044 | D:8      | Reached skill level 5 in Maces & Flails
  5044 | D:8      | Reached skill level 5 in Polearms
  5044 | D:8      | Reached skill level 5 in Staves
  5044 | D:8      | Reached skill level 5 in Slings
  5044 | D:8      | Reached skill level 5 in Bows
  5044 | D:8      | Reached skill level 5 in Crossbows
  5044 | D:8      | Reached skill level 5 in Throwing
  5044 | D:8      | Reached skill level 5 in Armour
  5044 | D:8      | Reached skill level 5 in Shields
  5044 | D:8      | Reached skill level 5 in Unarmed Combat
  5044 | D:8      | Reached skill level 5 in Evocations
  5279 | D:8      | Found Munisal's Antique Weapon Boutique.
  5279 | D:8      | Noticed Gastronok
  5298 | D:8      | Killed Gastronok
  5298 | D:8      | Reached skill level 5 in Transmutations
  5321 | D:8      | Bought a runed short sword for 120 gold pieces
  5367 | D:8      | Learned a level 4 spell: Petrify
  5483 | D:9      | Found a shattered altar of Ashenzari.
  5583 | D:9      | Found a roughly hewn altar of Beogh.
  5592 | D:9      | Reached **** piety under Uskayaw
  5653 | D:9      | Reached XP level 11. HP: 81/81 MP: 4/22
  5706 | D:9      | Found a staircase to the Orcish Mines.
  5787 | D:9      | Found a staircase to the Lair.
  5948 | D:9      | Learned a level 3 spell: Tukima's Dance
  5961 | D:10     | Entered Level 10 of the Dungeon
  6011 | D:10     | Reached ***** piety under Uskayaw
  6356 | D:10     | Reached skill level 5 in Conjurations
  6356 | D:10     | Reached skill level 5 in Hexes
  6356 | D:10     | Reached skill level 5 in Charms
  6356 | D:10     | Reached skill level 5 in Summonings
  6356 | D:10     | Reached skill level 5 in Necromancy
  6356 | D:10     | Reached skill level 5 in Translocations
  6356 | D:10     | Reached skill level 5 in Fire Magic
  6356 | D:10     | Reached skill level 5 in Ice Magic
  6356 | D:10     | Reached skill level 5 in Air Magic
  6356 | D:10     | Reached skill level 5 in Earth Magic
  6381 | D:10     | Noticed a deep elf mage
  6411 | D:10     | Killed a deep elf mage
  6411 | D:10     | Reached skill level 8 in Spellcasting
  6651 | D:11     | Found a shimmering altar of Xom.
  6651 | D:11     | Found a shimmering altar of Xom.
  6683 | D:11     | HP: 4/81 [wyvern (7)]
  6983 | D:11     | Noticed a seven-headed hydra
  6988 | D:11     | Mangled by a seven-headed hydra

Levels and vault maps discovered:
D:1:      minmay_arrival_loop, layout_basic, minmay_misc_feat_enclosed
D:2:      layout_basic, old_standard_altar, hangedman_abyss_or_decor_stabs
D:3:      layout_rooms, uniq_sigmund
D:4:      layout_rooms, first_ration, uniq_blork_the_orc, uniq_pikel,
          uniq_eustachio
D:5:      layout_loops_ring, fedhas_altar_4, overflow_temple_1_default,
          nicolae_overflow_hidden_temple, nicolae_ossuary_entry_plus,
          serial_shops, shop, st_stairs_6, uniq_edmund
D:6:      layout_loops_corners, minmay_temple_entry_proselytizer,
          nicolae_water_bricks
D:7:      layout_gridville, kennysheep_mini, the_bakery, worms_lemuel
D:8:      layout_basic, serial_shops, shop, uniq_gastronok
D:9:      layout_roguey [special_room_orc], cheibrodos_ashenzari_chains,
          lair_entry_dummy, david_orc_3, serial_bayou_pond_d
D:10:     layout_big_octagon, kb_rosetta
D:11:     layout_basic, xom_redecorated

Skill      XL: |  1  2  3  4  5  6  7  8  9 10 11 |
---------------+----------------------------------+-----
Transmutations | 2 3 4 5 |  5.6
Spellcasting   | 5 6 7 8 |  8.1
Invocations    | 1 3 4 5 6 |  6.9
Fighting       | 1 2 3 4 5 6 |  6.2
Short Blades   | 1 2 3 4 5 6 |  6.2
Long Blades    | 1 2 3 4 5 6 |  6.2
Axes           | 1 2 3 4 5 6 |  6.2
Maces & Flails | 1 2 3 4 5 6 |  6.2
Polearms       | 1 2 3 4 5 6 |  6.2
Staves         | 1 2 3 4 5 6 |  6.2
Slings         | 1 2 3 4 5 6 |  6.2
Bows           | 1 2 3 4 5 6 |  6.2
Crossbows      | 1 2 3 4 5 6 |  6.2
Throwing       | 1 2 3 4 5 6 |  6.2
Armour         | 1 2 3 4 5 6 |  6.2
Shields        | 1 2 3 4 5 6 |  6.2
Unarmed Combat | 1 2 3 4 5 6 |  6.2
Evocations     | 1 2 3 4 5 6 |  6.2
Conjurations   | 1 2 3 4 5 |  5.2
Hexes          | 1 2 3 4 5 |  5.2
Charms         | 1 2 3 4 5 |  5.2
Summonings     | 1 2 3 4 5 |  5.2
Necromancy     | 1 2 3 4 5 |  5.2
Translocations | 1 2 3 4 5 |  5.2
Fire Magic     | 1 2 3 4 5 |  5.2
Ice Magic      | 1 2 3 4 5 |  5.2
Air Magic      | 1 2 3 4 5 |  5.2
Earth Magic    | 1 2 3 4 5 |  5.2
Dodging        | 5 6 7 |  7.8
Stealth        | 5 6 7 |  7.6
Poison Magic   | 6 7 |  7.6

Action                   |  1- 3 |  4- 6 |  7- 9 | 10-12 || total
-------------------------+-------+-------+-------+-------++-------
Melee: Spear             |     6 |       |       |       ||     6
       Dagger            |     4 |    17 |    18 |       ||    39
       Bite              |     1 |       |    28 |    32 ||    61
       Punch             |       |       |     4 |     5 ||     9
       Flail             |       |       |   230 |    60 ||   290
       Short sword       |       |       |       |   175 ||   175
 Fire: Shortbow          |       |       |     2 |       ||     2
Throw: Dart              |     2 |     7 |     4 |     2 ||    15
       Boomerang         |       |       |       |     6 ||     6
 Cast: Sting             |    27 |    12 |    16 |    21 ||    76
       Poisonous Vapours |    19 |     7 |    23 |    23 ||    72
       Olgreb's Toxic Ra |       |     2 |     8 |    16 ||    26
       Mephitic Cloud    |       |     7 |    29 |    33 ||    69
       Ignite Poison     |       |     3 |    25 |    22 ||    50
       Confusing Touch   |       |       |    13 |    12 ||    25
       Petrify           |       |       |       |     2 ||     2
Evoke: Wand              |       |       |       |     2 ||     2
  Use: Scroll            |     7 |       |     5 |     3 ||    15
 Stab: Sleeping          |     1 |       |     2 |     3 ||     6
       Confused          |       |     2 |     8 |    16 ||    26
       Distracted        |       |       |     1 |       ||     1
       Paralysed         |       |       |       |     4 ||     4
  Eat: Chunk             |     1 |     2 |    18 |    16 ||    37
       Ration            |       |       |     1 |       ||     1
Armor: Robe              |     2 |     2 |     4 |       ||     8
       Troll leather arm |       |       |    54 |    36 ||    90
Dodge: Dodged            |     8 |     9 |   142 |   146 ||   305

Table legend:
 A = Non-vault XP
 B = Vault XP
 C = Vault XP percentage of total XP
 D = Non-vault monster count
 E = Vault monster count
 F = Vault count percentage of total count
                 A         B        C        D         E       F
            +---------+---------+-------+---------+---------+-------
      Total |    7914 |    6242 |  44.1 |     199 |      82 |  29.2
            +---------+---------+-------+---------+---------+-------
        D:1 |      24 |       0 |   0.0 |       8 |       0 |   0.0
        D:2 |      36 |       0 |   0.0 |      20 |       0 |   0.0
        D:3 |      56 |     806 |  93.5 |      17 |       2 |  10.5
        D:4 |     128 |     302 |  70.2 |       7 |       2 |  22.2
        D:5 |     717 |     171 |  19.3 |      17 |       2 |  10.5
        D:6 |     630 |      44 |   6.5 |      16 |       1 |   5.9
        D:7 |    1278 |     374 |  22.6 |      22 |       2 |   8.3
        D:8 |    1114 |    2099 |  65.3 |      22 |       1 |   4.3
        D:9 |     831 |     685 |  45.2 |      20 |      30 |  60.0
       D:10 |    2240 |    1081 |  32.6 |      35 |       4 |  10.3
       D:11 |     860 |       0 |   0.0 |      15 |       0 |   0.0
    Ossuary |       0 |     680 | 100.0 |       0 |      38 | 100.0
            +---------+---------+-------+---------+---------+-------
